 Dungeon Crawl Stone Soup version 0.29-a0-321-gf1c400731a (webtiles) character file.

Game seed: 1424366538775590977

552 Leszczynek the Skirmisher (level 7, -7/59 HPs)
             Began as a Human Gladiator on Apr 4, 2022.
             Mangled by a sun demon (18 damage)
             ... summoned by a kobold demonologist
             ... on level 5 of the Dungeon.
             The game lasted 00:15:00 (1962 turns).

Leszczynek the Skirmisher (Human Gladiator)         Turns: 1962, Time: 00:15:01

Health: -7/59      AC:  6    Str: 26    XL:     7   Next: 55%
Magic:  7/7        EV: 13    Int: 10    God:
Gold:   256        SH:  0    Dex: 15    Spells: 6/6 levels left

rFire   . . .      SeeInvis .   b - +2 hand crossbow (vorpal)
rCold   . . .      Faith    .   (no shield)
rNeg    . . .      Spirit   .   u - +2 leather armour {rPois}
rPois   +          Reflect  .   m - +0 helmet
rElec   .          Harm     .   (no cloak)
rCorr   .          Rampage  .   (no gloves)
Will    .....                   (no boots)
Stlth   +.........              (no amulet)
HPRegen 0.19/turn               e - +6 ring of strength
MPRegen 0.10/turn               x - +6 ring of strength

@: confused, brilliant, ambrosia-drunk
A: no striking features
a: no special abilities


You were on level 5 of the Dungeon.
You visited 1 branch of the dungeon, and saw 7 of its levels.

You collected 256 gold pieces.

Inventory:

Hand Weapons
 a - a +0 short sword
 b - a +2 vorpal hand crossbow (weapon)
Missiles
 c - a throwing net
 d - a javelin
 h - 17 poisoned darts (quivered)
Armour
 m - a +0 helmet (worn)
 u - a +2 leather armour of poison resistance (worn)
 y - the +1 robe "Kehum" {rC+ Will+}
   (You found it on level 5 of the Dungeon)

   rC:        It protects you from cold.
   Will:      It increases your willpower.
Jewellery
 e - a +6 ring of strength (left hand)
 x - a +6 ring of strength (right hand)
Wands
 s - a wand of digging (3)
Scrolls
 f - a scroll of teleportation
 g - a scroll of brand weapon {unknown}
 i - 2 scrolls of immolation {!r}
 p - a scroll of enchant weapon {unknown}
 q - a scroll of blinking {unknown}
 t - a scroll of amnesia {unknown}
 w - 2 scrolls of vulnerability {unknown}
Potions
 k - a potion of resistance {unknown}
 l - a potion of might {unknown}
 r - 2 potions of attraction


   Skills:
 * Level 6.8 Fighting
 - Level 3.0 Crossbows
 - Level 2.0 Throwing
 + Level 3.4 Dodging
 - Level 3.0 Unarmed Combat


You had 6 spell levels left.
You didn't know any spells.
Your spell library contained the following spells:

 Spells                   Type           Power      Damage    Failure   Level
 Inner Flame              Hex/Fire       0%         N/A       78%         3
 Cause Fear               Hex            0%         N/A       99%         4
 Discord                  Hex            0%         N/A       100%        8


Dungeon Overview and Level Annotations

Branches:
Dungeon (7/15)
 Temple: D:4-7

Altars:
Yredelemnul

Annotations:
D:4 Grinder
D:5 Pikel


Message History

The kobold demonologist shouts!
You shoot a bolt. The bolt hits the kobold demonologist.
The kobold demonologist is moderately wounded.
You shoot a bolt.
The bolt barely misses the kobold demonologist.
You shoot a bolt. The bolt hits the kobold demonologist!
The kobold demonologist is heavily wounded.
The kobold demonologist hits you but does no damage.
You shoot a bolt.
The bolt closely misses the kobold demonologist.
The kobold demonologist mumbles some strange words.
You shoot a bolt.
The bolt hits the kobold demonologist but does no damage.
The kobold demonologist is heavily wounded.
The kobold demonologist gestures wildly while chanting.
The iron imp hits you but does no damage.
Really attack while wielding your +2 vorpal hand crossbow?
Okay, then.
It was a potion of brilliance.
You feel clever all of a sudden.
The kobold demonologist looks satisfied for a moment.
The sun demon hits you!!
You are engulfed in flames!
* * * LOW HITPOINT WARNING * * *
The iron imp misses you.
It was a potion of curing.
You feel better.
The kobold demonologist casts a spell.
The sun demon closely misses you.
It was a potion of heal wounds.
You feel much better.
The kobold demonologist completely misses you.
The iron imp closely misses you. The sun demon hits you.
You are engulfed in flames!
* * * LOW HITPOINT WARNING * * *
It was a potion of ambrosia.
You are confused.
You feel invigorated.
The kobold demonologist hits you but does no damage.
The sun demon hits you.
* * * LOW HITPOINT WARNING * * *
You are engulfed in flames!!
You die...

####### ## #.....# .# #.....# .#
#.....# .# #..4..#
.#####################.....#
...............3@K3...>....######
.#.########.###5#####......'.....
.#.# ####'###'### #......######
.#[# #..........# #......'.# .#.#
#..........# #......#.# .#.#
#..........# #..!...#.# .#.#
#..........# #......#.# .#.#
#..........# #......#.#
.#)#####..........# #.######.#


You could see a sun demon (summoned), a kobold demonologist, a sixfirhy
(summoned) and an iron imp (summoned).

Vanquished Creatures
  A black bear (D:5)
  An ice beast (D:5)
  An ogre (D:5)
  A phantom (D:5)
  2 scorpions (D:5)
  An iguana (D:6)
  2 adders
  A dart slug (D:5)
  8 orcs
  6 ball pythons
  7 endoplasms
  A giant cockroach (D:1)
  4 hobgoblins
  3 quokkas (D:1)
  3 bats (D:1)
  2 frilled lizards
  3 goblins
  6 kobolds
  A rat (D:3)
54 creatures vanquished.

Notes
Turn   | Place    | Note
-------+----------+-------------------------------------------
     0 | D:1      | Leszczynek the Human Gladiator began the quest for the Orb.
     0 | D:1      | Reached XP level 1. HP: 16/16 MP: 1/1
    67 | D:1      | Reached XP level 2. HP: 13/23 MP: 2/2
   265 | D:1      | Reached skill level 3 in Fighting
   372 | D:1      | Found a basalt altar of Yredelemnul.
   394 | D:1      | Reached XP level 3. HP: 16/29 MP: 3/3
   753 | D:4      | Noticed Grinder
   756 | D:3      | :/
   789 | D:3      | Reached skill level 4 in Fighting
   789 | D:3      | Reached XP level 4. HP: 37/37 MP: 4/4
  1015 | D:5      | Entered Level 5 of the Dungeon
  1067 | D:5      | Noticed an ogre
  1075 | D:5      | Killed an ogre
  1076 | D:5      | Reached skill level 1 in Crossbows
  1076 | D:5      | Reached XP level 5. HP: 40/43 MP: 5/5
  1122 | D:6      | Noticed a kobold brigand
  1122 | D:6      | Noticed a kobold demonologist
  1123 | D:6      | hmm
  1186 | D:5      | Noticed a black bear
  1216 | D:5      | Killed a black bear
  1217 | D:5      | Reached skill level 5 in Fighting
  1217 | D:5      | Reached skill level 2 in Crossbows
  1217 | D:5      | Reached XP level 6. HP: 49/51 MP: 6/6
  1459 | D:5      | Noticed Pikel
  1660 | D:5      | Reached skill level 6 in Fighting
  1660 | D:5      | Reached XP level 7. HP: 48/58 MP: 7/7
  1713 | D:5      | Found a basalt altar of Yredelemnul.
  1714 | D:5      | Identified the +1 robe "Kehum" {rC+ Will+}
  1726 | D:5      | uh
  1726 | D:5      | another yred altar
  1788 | D:5      | Reached skill level 3 in Crossbows
  1899 | D:5      | Noticed a rust devil
  1903 | D:5      | Noticed an ice devil
  1959 | D:5      | Noticed a sun demon
  1959 | D:5      | HP: 2/59 [sun demon[a kobold demonologist] (16)]
  1961 | D:5      | Noticed a sixfirhy
  1962 | D:5      | Mangled by a sun demon

Illustrated notes ..##..........##.## ######### ..##..............# #.......# ..##..........†...# #.......# ..##..............# #.......# .........#...#....# #.......# .........#...#....#####.......# .....#########....##..........# ###### #....##.#####.#### #..@......# .# #....##.#.# .# #######.#.# # #.#.# #.#.# #.#.# #...# ##### Turn 756 on D:3: :/ . #. #..#### #(..<## ####..#####.# ##.......# ##@###### #...)# #.##.# .. #.# ... #.. K. ### K Turn 1123 on D:6: hmm

....#.# ....#.# ....#.#
....#)#####...
............?.
....#..#######
###.#........# ..#
#..####################
..#
#...........@.........#
..#
#..#...#...#...#...#..#
..#
#...................._#
#.#
#..#...#...#...#...#..# .#
#....................)#
#.#
#..#################### ##
..#.#........... ... ...
.. ..#.#........#.# #.#
#.# #.
.............#.####'####.#
#.


Turn 1726 on D:5: uh

Levels and vault maps discovered:
D:1:      lightli_iron_boxes, layout_loops_ring, basic_ecumenical_altar,
          hex_large, palyth_stone_intersect, kennysheep_another_room,
          kennysheep_flooded_box, grunt_decor_one_mirror
D:2:      layout_basic, minmay_misc_feat_rows, nrook_loot_triangle
D:3:      layout_basic
D:4:      layout_gridville, uniq_grinder
D:5:      layout_basic, lemuel_coloured_pillars_altar,
          nicolae_overflow_hidden_temple, uniq_pikel, uniq_prince_ribbit1
D:6:      layout_rooms, mainiacjoe_overflow_alcove_1,
          minmay_temple_entry_nine_rooms, minmay_diced_spiral
D:7:      layout_rooms, roderic_serpentine_path, serial_bayou_crossing

Skill      XL: |  1  2  3  4  5  6  7 |
---------------+----------------------+-----
Fighting       | 3 4 5 6 |  6.8
Crossbows      | 1 2 3 |  3.0
Throwing       | |  2.0
Dodging        | |  3.4
Unarmed Combat | |  3.0

Action                   |  1- 3 |  4- 6 |  7- 9 || total
-------------------------+-------+-------+-------++-------
Melee: Unarmed           |    32 |       |       ||    32
       Short sword       |    45 |       |       ||    45
       Punch             |     3 |       |       ||     3
 Fire: Hand crossbow     |    22 |    51 |    86 ||   159
Throw: Dart              |     8 |       |     3 ||    11
       Throwing net      |       |     1 |     6 ||     7
       Javelin           |       |       |     1 ||     1
  Use: Scroll            |     1 |     3 |     2 ||     6
       Potion            |       |       |     4 ||     4
 Stab: Sleeping          |     2 |       |       ||     2
Armor: Leather armour    |    35 |     8 |    12 ||    55
Dodge: Dodged            |    51 |    12 |    22 ||    85

Table legend: (Time is in decaauts)
 A = Elapsed time spent in this place.
 B = Non-inter-level travel time spent in this place.
 C = Inter-level travel time spent in this place.
 D = Time resting spent in this place.
 E = Time spent auto-exploring this place.
 F = Levels seen in this place.
 G = Mean time per level.
                   A        B        C        D        E       F      G
               +--------+--------+--------+--------+--------+-----+--------+
         Total |   2041 |   1928 |    113 |     27 |      0 |   7 |  291.6 |
       Dungeon |   2041 |   1928 |    113 |     27 |      0 |   7 |  291.6 |
               +--------+--------+--------+--------+--------+-----+--------+

Top non-repeatable levels by time:
     D:5: 764 daAuts
     D:1: 406 daAuts
     D:3: 333 daAuts
     D:4: 331 daAuts
     D:2: 157 daAuts
     D:6: 43 daAuts
     D:7: 4 daAuts
